 Dungeon Crawl Stone Soup version 0.21.1-1-g345015fe64 (webtiles) character file.

7586 Kirk the Cleaver (level 10, -2/67 HPs)
             Began as a Demonspawn Gladiator on July 29, 2018.
             Was a High Priest of Okawaru.
             Slain by a two-headed ogre
             ... wielding a +0 giant spiked club
              (16 damage)
             ... on level 8 of the Dungeon.
             The game lasted 00:28:29 (10416 turns).

Kirk the Cleaver (Demonspawn Gladiator)            Turns: 10416, Time: 00:28:30

Health: -2/67      AC:  6    Str: 14    XL:     10   Next: 97%
Magic:  0/20       EV: 16    Int: 13    God:    Okawaru [*****.]
Gold:   249        SH:  0    Dex: 15    Spells: 9/9 levels left

rFire    + . .     SeeInvis .   B - +1 war axe (drain)
rCold    + + .     Gourm    .   (no shield)
rNeg     . . .     Faith    .   w - +2 leather armour {rC+}
rPois    +         Spirit   +   (helmet restricted)
rElec    +         Reflect  .   t - scarf {Spirit}
rCorr    +         Harm     .   (no gloves)
MR       .....                  h - +0 pair of boots
Stlth    +.........             j - amulet of magic regeneration
HPRegen  0.21/turn              g - ring of magical power
MPRegen  0.42/turn              (no ring)

@: resistant
A: horns 2, repulsion field 2, powered by pain 1
a: Heroism, Finesse, Renounce Religion


You were on level 8 of the Dungeon.
You worshipped Okawaru.
Okawaru was extremely pleased with you.
You were hungry.

You visited 2 branches of the dungeon, and saw 9 of its levels.

You collected 249 gold pieces.

Inventory:

Hand Weapons
 i - a +2 whip of draining
 n - a +0 battleaxe
 p - a +0 blowgun
 s - a +0 hand axe of flaming
 B - a +1 war axe of draining (weapon)
Missiles
 e - 4 curare-tipped needles
 o - 5 needles of paralysis
 v - 15 tomahawks (quivered)
 z - 12 poisoned needles
Armour
 a - a +1 ring mail of fire resistance
 c - a +0 helmet
 h - a +0 pair of boots (worn)
 k - the +2 robe "Xun Nero" {MR+}
   (You took it off an orc on level 7 of the Dungeon)

   It affects your resistance to hostile enchantments.
 t - a scarf of spirit shield (worn)
 w - a +2 leather armour of cold resistance (worn)
 A - a +0 plate armour
Jewellery
 g - a ring of magical power (left hand)
 j - an amulet of magic regeneration (around neck)
Wands
 x - a wand of iceblast (15)
Scrolls
 l - 3 scrolls of remove curse
Potions
 b - a potion of brilliance
 d - a potion of heal wounds {unknown}
 m - 2 potions of flight
 u - a potion of degeneration {unknown}
 E - a potion of curing
Books
 r - a book of Necromancy

   Spells                             Type                      Level
   a - Pain                           Necromancy                   1
   b - Animate Skeleton               Necromancy                   1
   c - Vampiric Draining              Necromancy                   3
   d - Regeneration                   Charms/Necromancy            3
   e - Animate Dead                   Necromancy                   4
   f - Borgnjor's Vile Clutch         Necromancy/Earth             5
 y - a book of Callings

   Spells                             Type                      Level
   a - Summon Small Mammal            Summoning                    1
   b - Call Imp                       Summoning                    2
   c - Call Canine Familiar           Summoning                    3
   d - Summon Guardian Golem          Hexes/Summoning              3
   e - Summon Lightning Spire         Summoning/Air                4
   f - Summon Ice Beast               Ice/Summoning                4
Comestibles
 f - 19 rations


   Skills:
 - Level 2.0 Fighting
 + Level 14.0 Axes
 - Level 2.0 Throwing
 + Level 5.2 Armour
 - Level 2.6 Dodging
 + Level 2.0 Evocations


You had 9 spell levels left.
You didn't know any spells.

Dungeon Overview and Level Annotations

Branches:
Dungeon (8/15)             Temple (1/1) D:4            Lair (0/6) D:8

Altars:
Elyvilon
Gozag
Kikubaaqudgha
Okawaru
Qazlal
Ru
Uskayaw
Xom

Shops:
D:6 [

Annotations:
D:3 Chudej's ghost, amateur DECj
D:5 exclusion: two-headed ogre
D:6 Sigmund


Innate Abilities, Weirdness & Mutations

You have a pair of horns on your head.
You are surrounded by a moderate repulsion field. (EV +3)
You sometimes gain a little power by taking damage.


Message History

The two-headed ogre closely misses you. The two-headed ogre misses you.
You hit the two-headed ogre but do no damage.
The two-headed ogre is severely wounded.
You barely miss the two-headed ogre. You headbutt the two-headed ogre.
The two-headed ogre is severely wounded.
The two-headed ogre barely misses you.
The two-headed ogre hits you with a giant spiked club!
You hit the two-headed ogre but do no damage.
The two-headed ogre is severely wounded.
You hit the two-headed ogre but do no damage.
The two-headed ogre is severely wounded.
The two-headed ogre barely misses you.
The two-headed ogre hits you with a giant spiked club!!
You hit the two-headed ogre.
Your headbutt misses the two-headed ogre.
The two-headed ogre is almost dead.
The two-headed ogre hits you with a giant spiked club!!
* * * LOW HITPOINT WARNING * * *
The two-headed ogre hits you with a giant spiked club!!
You die...

#.#.# #.)........[.[...........
##.#.####.########.#########.....
()......)>..)...................#
...#.#############.#########.<...
####+##### #####)#### #.#...
.........# #........# #.#.O.
##.......# #........######.###.
#.......# #..Op.........#.###.
#.......# #p.@.....#.......###
##.......# ###.###..#.......# #
.........### #...#########...# #
###........# #...# .$# #...# #
#........# #...## §S.# #...#
#..).....# #....##RJ ##.##
#........# ##...### #)#
#........# #....### #.#
#(.......# ##.....######'####


You could see a two-headed ogre and 2 neutral freed slaves.

Vanquished Creatures
  3 two-headed ogres
  Pikel (D:8)
  The ghost of Tali the Cleaver, a novice MiFi (D:5)
  Grinder (D:5)
  A dream sheep (D:8)
  Grum (D:8)
  Eustachio (D:6)
  A water moccasin (D:6)
  4 ice beasts
  4 orc warriors
  2 black bears
  A sky beast (D:8)
  2 centaurs
  7 ogres
  2 wolves (D:8)
  2 big kobolds (D:8)
  2 gnoll sergeants
  A wyvern zombie (D:6)
  3 bullfrogs
  A water moccasin zombie (D:7)
  2 scorpions
  A wyvern skeleton (D:6)
  4 killer bees (D:8)
  3 crimson imps (D:7)
  A centaur zombie (D:8)
  A quasit (D:6)
  7 hounds
  2 jellies
  2 orc priests (D:8)
  A centaur skeleton (D:6)
  2 iguanas (D:5)
  7 orc wizards
  5 worker ants
  2 hound skeletons
  18 gnolls
  7 adders
  2 shadow imps (D:6)
  2 oozes (D:1)
  An adder zombie (D:6)
  An adder skeleton (D:5)
  A worm (D:2)
  4 leopard geckos
  26 orcs
  2 giant cockroaches
  10 goblins
  11 hobgoblins
  10 jackals
  8 kobolds
  3 quokkas
  7 bats
  7 frilled lizards
  A jackal skeleton (D:4)
  A leopard gecko zombie (D:5)
  2 quokka skeletons
  8 rats
213 creatures vanquished.

Vanquished Creatures (others)
  A jelly (D:8)
  7 withered plants (D:8)
8 creatures vanquished.

Grand Total: 221 creatures vanquished

Notes
Turn   | Place    | Note
-------+----------+-------------------------------------------
     0 | D:1      | Kirk the Demonspawn Gladiator began the quest for the Orb.
     0 | D:1      | Reached XP level 1. HP: 16/16 MP: 1/1
   109 | D:1      | Reached skill level 3 in Axes
   319 | D:1      | Gained mutation: You are surrounded by a mild repulsion field. (EV +2) [demonic ancestry]
   319 | D:1      | Reached XP level 2. HP: 17/22 MP: 2/2
   965 | D:1      | Reached XP level 3. HP: 16/27 MP: 3/3
  1139 | D:2      | Reached skill level 1 in Armour
  1694 | D:2      | Gained mutation: You have a pair of small horns on your head. [demonic ancestry]
  1694 | D:2      | Reached XP level 4. HP: 33/33 MP: 4/4
  1727 | D:2      | Reached skill level 4 in Axes
  2276 | D:3      | Noticed Chudej's ghost (amateur DECj)
  2468 | D:4      | Found a staircase to the Ecumenical Temple.
  2474 | Temple   | Entered the Ecumenical Temple
  2507 | Temple   | Became a worshipper of Warmaster Okawaru
  2580 | D:4      | Reached XP level 5. HP: 14/38 MP: 5/5
  3148 | D:4      | Reached skill level 5 in Axes
  3285 | D:4      | Noticed an ogre
  3310 | D:5      | Entered Level 5 of the Dungeon
  3353 | D:5      | Gained mutation: You sometimes gain a little power by taking damage. [demonic ancestry]
  3353 | D:5      | Reached XP level 6. HP: 35/44 MP: 6/6
  3406 | D:5      | Reached * piety under Okawaru
  3421 | D:5      | Reached skill level 6 in Axes
  3734 | D:5      | Noticed Grinder
  3734 | D:5      | Noticed an ice beast
  3970 | D:4      | Gained mutation: You are surrounded by a moderate repulsion field. (EV +3) [demonic ancestry]
  3970 | D:4      | Reached XP level 7. HP: 11/50 MP: 7/7
  4237 | D:5      | Noticed Tali's ghost (novice MiFi)
  4247 | D:5      | Noticed a two-headed ogre
  4672 | D:5      | Killed Tali's ghost
  4672 | D:5      | Reached ** piety under Okawaru
  4672 | D:5      | Reached skill level 7 in Axes
  4694 | D:5      | Reached skill level 8 in Axes
  4694 | D:5      | Reached XP level 8. HP: 53/56 MP: 8/8
  4758 | D:5      | Paralysed by Grinder for 2 turns
  4780 | D:5      | Killed Grinder
  5073 | D:5      | Reached *** piety under Okawaru
  5073 | D:5      | Reached skill level 9 in Axes
  5557 | D:6      | Noticed Eustachio
  5615 | D:6      | Killed Eustachio
  5715 | D:6      | Found a white marble altar of Elyvilon.
  5925 | D:6      | Reached skill level 10 in Axes
  5934 | D:6      | Gained mutation: You have a pair of horns on your head. [demonic ancestry]
  5934 | D:6      | Reached XP level 9. HP: 43/61 MP: 9/9
  6401 | D:6      | Found Emygix's Armour Emporium.
  6577 | D:6      | Reached **** piety under Okawaru
  6825 | D:6      | Noticed Sigmund
  6897 | D:6      | Reached skill level 11 in Axes
  7845 | D:7      | Got a twisted robe
  7997 | D:7      | Identified the +2 robe "Xun Nero" {MR+} (You took it off an orc on level 7 of the Dungeon)
  8247 | D:8      | Reached skill level 12 in Axes
  8428 | D:8      | Reached ***** piety under Okawaru
  8440 | D:8      | Noticed Grum
  8671 | D:8      | Reached XP level 10. HP: 66/67 MP: 10/10
  8920 | D:8      | Killed Grum
  8944 | D:8      | Received a gift from Okawaru
  9093 | D:8      | Noticed a two-headed ogre
  9203 | D:7      | Killed a two-headed ogre
  9203 | D:7      | Reached skill level 13 in Axes
  9531 | D:8      | Noticed Pikel
  9836 | D:8      | Reached skill level 1 in Evocations
  9912 | D:8      | Noticed a two-headed ogre
  9942 | D:8      | Killed a two-headed ogre
  9942 | D:8      | Reached skill level 5 in Armour
  9972 | D:8      | Found a staircase to the Lair.
  9977 | D:8      | Noticed a two-headed ogre
  9994 | D:8      | Found an ancient bone altar of Kikubaaqudgha.
 10020 | D:8      | Noticed a two-headed ogre
 10043 | D:8      | Killed a two-headed ogre
 10402 | D:8      | Killed Pikel
 10402 | D:8      | Received a gift from Okawaru
 10402 | D:8      | Reached skill level 14 in Axes
 10416 | D:8      | Slain by a two-headed ogre

Skill      XL: |  1  2  3  4  5  6  7  8  9 10 |
---------------+-------------------------------+-----
Axes           | 3 4 5 6 8 10 12 14 | 14.0
Armour         | 1 2 3 4 5 |  5.2
Throwing       | 2 |  2.0
Evocations     | 2 |  2.0
Fighting       | |  2.0
Dodging        | |  2.6

Action                   |  1- 3 |  4- 6 |  7- 9 | 10-12 || total
-------------------------+-------+-------+-------+-------++-------
Melee: War axe           |   126 |   140 |   460 |   123 ||   849
       Headbutt          |       |    21 |    78 |    24 ||   123
 Fire: Blowgun           |       |       |       |    24 ||    24
Throw: Throwing net      |     1 |     5 |     1 |       ||     7
Evoke: Wand              |       |       |       |    12 ||    12
  Use: Scroll            |       |     6 |     7 |     2 ||    15
       Potion            |       |     3 |     8 |     1 ||    12
 Stab: Sleeping          |     1 |     4 |     1 |       ||     6
       Paralysed         |       |       |       |     3 ||     3
  Eat: Chunk             |     2 |     7 |    12 |     6 ||    27
       Ration            |       |       |     1 |       ||     1
Armor: Leather armour    |    30 |    25 |   105 |    17 ||   177
       Skin              |       |       |   113 |       ||   113
Dodge: Dodged            |    98 |   109 |   368 |    87 ||   662
